[Event "Titled Tuesday Blitz April 4 Late 2023"]
[White "Araujo, Everson De Moura"]
[Black "Jovic, Stanoje"]
[WhiteFideId "22737197"]
[BlackFideId "905020"]
[WhiteElo "2035"]
[BlackElo "2236"]
[Result "0-1"]
[Round "03"]
[TimeControl "180+2"]
[Date "2023.04.04"]
[WhiteClock "0:00:01"]
[BlackClock "0:01:39"]

1. d4 Nf6 2. Nc3 d5 3. Bf4 e6 4. Nb5 Na6 5. e3 c6 6. Nc3 Bb4 7. Qd3 Ne4 8. f3 Nxc3 9. bxc3 Bd6 10. Ne2 b5 11. h4 O-O 12. g4 f6 13. g5 e5 14. dxe5 fxe5 15. g6 exf4 16. gxh7+ Kh8 17. h5 Bf5 18. e4 dxe4 19. fxe4 Nc5 20. Qd4 Ne6 21. Qf2 Bxe4 22. Rg1 Qf6 23. Bg2 f3 24. Bxf3 Bxf3 25. h6 0-1


[Site "https://www.chess.com"]

[Event "Titled Tuesday Blitz April 4 Late 2023"]
[White "Antonova, Nadezhda"]
[Black "Moore, Nicholas"]
[WhiteFideId "14700182"]
[BlackFideId "4303709"]
[WhiteElo "1765"]
[BlackElo "2456"]
[Result "1-0"]
[Round "03"]
[TimeControl "180+2"]
[Date "2023.04.04"]
[WhiteClock "0:00:08"]
[BlackClock "0:00:08"]

1. Nf3 d5 2. d4 Nf6 3. Bf4 c5 4. e3 Nc6 5. Nbd2 Qb6 6. dxc5 Qxb2 7. Rb1 Qc3 8. Bb5 g6 9. O-O Bg7 10. Ne5 Bd7 11. Nxd7 Nxd7 12. e4 d4 13. Nc4 a6 14. Bd2 axb5 15. Bxc3 bxc4 16. Bd2 Nxc5 17. Bb4 Ne6 18. Bd2 Ra7 19. Rb5 O-O 20. Qb1 Rb8 21. g3 Nc7 22. Rb6 Nd8 23. Qb4 Na8 24. Rb5 Nc6 25. Qxc4 Nc7 26. Qxc6 Nxb5 27. Qxb5 Rxa2 28. Bf4 e5 29. Bxe5 Rc8 30. Bxg7 Kxg7 31. Qxb7 Raxc2 32. Qd7 R2c4 33. Rd1 Kg8 34. Rxd4 Rc1+ 35. Kg2 Rf8 36. Rd2 Rcc8 37. Qg4 Rce8 38. h4 Re6 39. h5 Kg7 40. Qg5 h6 41. Qf4 Rfe8 42. hxg6 Kxg6 43. f3 Rf6 44. Qg4+ Kh7 45. Qd7 Ree6 46. Rc2 Kg7 47. Rc7 Ra6 48. Qe8 Ra2+ 49. Kh3 Ra1 50. Kg4 Ra5 51. f4 Rg6+ 52. Kf3 Ra3+ 53. Kf2 Ra2+ 54. Ke3 Rxg3+ 55. Kd4 Rd2+ 56. Ke5 Rd5+ 57. Kxd5 Rd3+ 58. Ke5 Rd7 59. Rxd7 Kg6 60. Qxf7# 1-0


[Site "https://www.chess.com"]

[Event "Titled Tuesday Blitz April 4 Late 2023"]
[White "ArchibaldCerveza29"]
[Black "Rosenberg, Evan S"]
[BlackFideId "2019299"]
[WhiteElo "2438"]
[BlackElo "2194"]
[Result "1-0"]
[Round "03"]
[TimeControl "180+2"]
[Date "2023.04.04"]
[WhiteClock "0:00:46"]
[BlackClock "0:00:14"]

1. e4 e5 2. Nf3 Nc6 3. d4 exd4 4. Bc4 Nf6 5. O-O Nxe4 6. Nc3 Nxc3 7. bxc3 d5 8. Bb5 dxc3 9. Nd4 Bd7 10. Re1+ Be7 11. Ba3 O-O 12. Nxc6 Bxc6 13. Bxe7 Bxb5 14. Bxd8 Raxd8 15. Re7 c5 16. Rxb7 Bc4 17. Rc7 Rc8 18. Rxa7 Rfd8 19. Ra4 Bb5 20. Ra5 Bc4 21. Qh5 g6 22. Qe5 Re8 23. Qxc3 Re2 24. Re1 d4 25. Qa1 Rxc2 26. Rxc5 Rxc5 27. Re8+ Kg7 28. Qxd4+ f6 29. h4 Bxa2 30. Re7+ Kh6 31. Qf4+ g5 32. Qxf6+ Kh5 33. Rxh7+ Kg4 34. Qf3# 1-0


[Site "https://www.chess.com"]

[Event "Titled Tuesday Blitz April 4 Late 2023"]
[White "Redzisz, Michal"]
[Black "Srdanovic, Jovana"]
[WhiteFideId "21816107"]
[BlackFideId "954810"]
[WhiteElo "2175"]
[BlackElo "2145"]
[Result "1-0"]
[Round "03"]
[TimeControl "180+2"]
[Date "2023.04.04"]
[WhiteClock "0:01:37"]
[BlackClock "0:00:45"]

1. e4 c6 2. c4 d5 3. cxd5 cxd5 4. exd5 g6 5. Qa4+ Bd7 6. Qb3 Qc8 7. Nc3 Nf6 8. g3 Bg7 9. Bg2 O-O 10. Nge2 Na6 11. d4 b5 12. O-O Rb8 13. Bf4 Rb6 14. Rac1 Qe8 15. Rfe1 Nh5 16. Be3 e6 17. dxe6 Bxe6 18. d5 Rb8 19. dxe6 fxe6 20. Nf4 Nxf4 21. Bxf4 Rb6 22. Nd5 Rc6 23. Rxc6 Qxc6 24. Ne7+ 1-0


[Site "https://www.chess.com"]

[Event "Titled Tuesday Blitz April 4 Late 2023"]
[White "MClarke95"]
[Black "marik_spb"]
[WhiteElo "2178"]
[BlackElo "2413"]
[Result "1-0"]
[Round "03"]
[TimeControl "180+2"]
[Date "2023.04.04"]
[WhiteClock "0:00:08"]
[BlackClock "0:00:08"]

1. d4 Nf6 2. c4 e6 3. Nf3 b6 4. g3 Bb7 5. Bg2 d5 6. O-O Be7 7. Qb3 O-O 8. Nc3 Nbd7 9. Bf4 c5 10. Rfd1 Rc8 11. cxd5 c4 12. Qc2 Nxd5 13. Nxd5 exd5 14. Nd2 b5 15. e4 dxe4 16. Nxe4 Qb6 17. a4 b4 18. a5 Qa6 19. d5 Rfd8 20. d6 Bf8 21. Ng5 g6 22. Bh3 Qb5 23. Ne4 f5 24. Ng5 Qc6 25. f3 Bg7 26. Bg2 Re8 27. Re1 c3 28. b3 Qc5+ 29. Kh1 Be5 30. Rad1 Bxf4 31. gxf4 Qxa5 32. Bf1 Qb6 33. Bc4+ Kg7 34. Ne6+ Kf6 35. Qe2 Nc5 36. Qe5+ Kf7 37. Qg7# 1-0


[Site "https://www.chess.com"]

[Event "Titled Tuesday Blitz April 4 Late 2023"]
[White "Barria Santos, Jose Guilherme"]
[Black "KorolDimitriy75"]
[WhiteFideId "1939300"]
[WhiteElo "2266"]
[BlackElo "2410"]
[Result "0-1"]
[Round "03"]
[TimeControl "180+2"]
[Date "2023.04.04"]
[WhiteClock "0:01:13"]
[BlackClock "0:01:28"]

1. e4 c5 2. Nf3 d6 3. d4 cxd4 4. Nxd4 Nf6 5. Nc3 g6 6. Be3 Bg7 7. f3 O-O 8. Qd2 Nc6 9. Bc4 Bd7 10. O-O-O Qa5 11. Kb1 Rfc8 12. Bb3 Ne5 13. Nde2 b5 14. Nd5 Qxd2 15. Bxd2 Nxd5 16. Bxd5 Rab8 17. h4 Nc4 18. Bxc4 Rxc4 19. Bc3 h5 20. Bxg7 Kxg7 21. e5 Bf5 22. Nd4 dxe5 23. Nxf5+ gxf5 24. Rde1 Kf6 25. Re2 Rd8 26. Rhe1 Rd5 27. g3 e6 28. b3 Rc3 29. Kb2 Rxf3 0-1


[Site "https://www.chess.com"]

[Event "Titled Tuesday Blitz April 4 Late 2023"]
[White "ArtemDyachuk"]
[Black "Svicevic, Rastko"]
[BlackFideId "916315"]
[WhiteElo "2408"]
[BlackElo "2071"]
[Result "0-1"]
[Round "03"]
[TimeControl "180+2"]
[Date "2023.04.04"]
[WhiteClock "0:00:02"]
[BlackClock "0:00:04"]

1. Nf3 d5 2. e3 g6 3. c4 c6 4. Nc3 e6 5. d4 f5 6. Ne5 Nf6 7. h4 Nbd7 8. Nd3 dxc4 9. Nf4 Nb6 10. b3 Bb4 11. Bd2 Bxc3 12. Bxc3 Nbd5 13. Nxd5 Nxd5 14. Bd2 c3 15. Bc1 b5 16. h5 g5 17. h6 Qf6 18. Be2 a5 19. Rh5 Rg8 20. Bf3 g4 21. Be2 Qg6 22. Rh1 Ba6 23. a4 b4 24. Bxa6 Rxa6 25. Qd3 Nc7 26. g3 Kd7 27. e4 fxe4 28. Qc4 Raa8 29. Rh4 Nd5 30. Ra2 e3 31. Ra1 exf2+ 32. Kxf2 Rgf8+ 33. Kg1 Qc2 34. Rh2 Qd1+ 35. Kg2 Qf3+ 36. Kg1 Qxg3+ 37. Rg2 Qe1+ 38. Kh2 Qh4+ 39. Kg1 Rf3 40. Qe2 Raf8 41. Qa6 Qe1+ 42. Qf1 Rxf1+ 43. Kh2 Rh1# 0-1


[Site "https://www.chess.com"]

[Event "Titled Tuesday Blitz April 4 Late 2023"]
[White "Gatterer, Florian"]
[Black "Baruch, Liam"]
[WhiteFideId "811688"]
[BlackFideId "14322064"]
[WhiteElo "2221"]
[BlackElo "2148"]
[Result "0-1"]
[Round "03"]
[TimeControl "180+2"]
[Date "2023.04.04"]
[WhiteClock "0:00:01"]
[BlackClock "0:00:02"]

1. d4 d5 2. Nf3 e6 3. g3 Nf6 4. Bg2 Be7 5. O-O O-O 6. c4 dxc4 7. Ne5 Nc6 8. Bxc6 bxc6 9. Nxc6 Qe8 10. Nxe7+ Qxe7 11. Qa4 e5 12. dxe5 Qxe5 13. Nc3 Qh5 14. Qxc4 Bg4 15. f3 Bh3 16. Rd1 Rac8 17. Be3 Be6 18. Qc5 Qh3 19. Rd2 h5 20. Bg5 Nd7 21. Qf2 f6 22. Be3 Ne5 23. b3 a6 24. Bc5 Rfd8 25. Rad1 Rxd2 26. Rxd2 h4 27. Qg2 Qf5 28. g4 Qg5 29. e3 Nxf3+ 30. Qxf3 Qxc5 31. Ne2 Qg5 32. h3 Bf7 33. Qf4 Qc5 34. Qd4 Qc6 35. Qd7 Qxd7 36. Rxd7 Be6 37. Rd4 c5 38. Rd6 Bf7 39. Rxa6 c4 40. bxc4 Bxc4 41. Ra7 Bxe2 42. Kf2 Bb5 43. Kf3 Bc6+ 44. Kf4 Kh7 45. e4 Rd8 46. e5 Rd4+ 47. Kf5 Bd7+ 48. e6 Rd5+ 49. Ke4 Bxe6 50. a4 Rd1 51. a5 Bb3 52. a6 Bc4 53. Kf4 Rf1+ 54. Ke3 Rh1 55. g5 Rxh3+ 56. Kd4 Bxa6 57. gxf6 Be2 58. Rxg7+ Kh8 59. Ke5 Rf3 60. Rc7 h3 61. Ke6 Bc4+ 62. Ke7 Bg8 63. Rc4 Rf5 0-1


[Site "https://www.chess.com"]

[Event "Titled Tuesday Blitz April 4 Late 2023"]
[White "Buchenau, Frank"]
[Black "Muhammad, Shahzeb"]
[WhiteFideId "4604350"]
[BlackFideId "7804806"]
[WhiteElo "2157"]
[BlackElo "1902"]
[Result "1-0"]
[Round "03"]
[TimeControl "180+2"]
[Date "2023.04.04"]
[WhiteClock "0:01:33"]
[BlackClock "0:01:55"]

1. e4 g6 2. d4 Bg7 3. Nc3 c5 4. d5 Bxc3+ 5. bxc3 d6 6. c4 f5 7. exf5 Bxf5 8. Bd3 Qd7 9. Rb1 b6 10. Ne2 Nf6 11. Bh6 Na6 12. Nf4 Nb4 13. Bxf5 Qxf5 14. Ne6 Nxc2+ 15. Kf1 Ng4 16. Ng7+ Kf7 17. Nxf5 gxf5 1-0


[Site "https://www.chess.com"]

[Event "Titled Tuesday Blitz April 4 Late 2023"]
[White "Krasteva, Beloslava"]
[Black "Garrido, Denis"]
[WhiteFideId "2922029"]
[BlackFideId "601217"]
[WhiteElo "2187"]
[BlackElo "2361"]
[Result "1-0"]
[Round "03"]
[TimeControl "180+2"]
[Date "2023.04.04"]
[WhiteClock "0:00:13"]
[BlackClock "0:00:19"]

1. d4 Nf6 2. Bg5 d5 3. e3 Ne4 4. Bf4 c5 5. Nd2 Nxd2 6. Qxd2 cxd4 7. exd4 Nc6 8. Nf3 Bf5 9. c3 e6 10. Be2 f6 11. O-O g5 12. Bg3 h5 13. h4 Bh6 14. Qd1 Qd7 15. Bd3 Ne7 16. Re1 Kf7 17. hxg5 Bxg5 18. Nxg5+ fxg5 19. Be5 Rh6 20. Qf3 Rg8 21. c4 Kg6 22. Rac1 Rh7 23. cxd5 Qxd5 24. Be2 Qxf3 25. Bxf3 Nd5 26. Rc5 Rd8 27. Rec1 b6 28. Rc8 Rxc8 29. Rxc8 g4 30. Be2 Rd7 31. Bb5 Rf7 32. Be8 1-0


[Site "https://www.chess.com"]

[Event "Titled Tuesday Blitz April 4 Late 2023"]
[White "Jarocka, Liwia"]
[Black "Tsukerman, Julia"]
[WhiteFideId "21807558"]
[BlackFideId "2621649"]
[WhiteElo "2013"]
[BlackElo "1667"]
[Result "1-0"]
[Round "03"]
[TimeControl "180+2"]
[Date "2023.04.04"]
[WhiteClock "0:01:38"]
[BlackClock "0:00:06"]

1. Nf3 d5 2. g3 Nf6 3. Bg2 e6 4. O-O Be7 5. c4 O-O 6. Nc3 Nbd7 7. cxd5 exd5 8. d4 c6 9. Bg5 Re8 10. e3 Nf8 11. Rc1 Bf5 12. Ne5 Ng6 13. Nxg6 Bxg6 14. Na4 h6 15. Bxf6 Bxf6 16. Nc5 Qe7 17. h4 Rac8 18. Qb3 Rc7 19. Rfe1 Be4 20. Nxe4 dxe4 21. Rc5 Qd6 22. Rec1 Ree7 23. Qc2 Qe6 24. b4 Rcd7 25. a4 Rd5 26. Rc3 Re8 27. Kh2 Qg4 28. Rc5 Qf5 29. Rb1 Re7 30. b5 Rxc5 31. dxc5 Qd5 32. Rd1 Qf5 33. Rd8+ Kh7 34. Rd6 Re5 35. Rd4 Rxc5 36. Bxe4 Rxc2 37. Bxf5+ g6 38. Bxc2 Bxd4 39. exd4 1-0


[Site "https://www.chess.com"]

[Event "Titled Tuesday Blitz April 4 Late 2023"]
[White "Bongo Akanga Ndjila, Barthelemy"]
[Black "Polanco Nunez, Yoel Estarling"]
[WhiteFideId "10609431"]
[BlackFideId "6401783"]
[WhiteElo "1768"]
[BlackElo "2132"]
[Result "0-1"]
[Round "03"]
[TimeControl "180+2"]
[Date "2023.04.04"]
[WhiteClock "0:01:19"]
[BlackClock "0:01:41"]

1. d4 d5 2. c4 e6 3. Nc3 Be7 4. Nf3 Nf6 5. Bg5 O-O 6. e3 c6 7. Rc1 Nbd7 8. Qc2 h6 9. Bh4 a6 10. c5 b6 11. b4 a5 12. a3 Bb7 13. Bd3 Re8 14. Ne5 Nxe5 15. dxe5 Nd7 16. Bxe7 Qxe7 17. Ne2 axb4 18. axb4 Nxe5 19. Bh7+ Kh8 20. Bd3 bxc5 21. bxc5 Qxc5 22. Qd1 Qb4+ 23. Kf1 Nxd3 24. Qxd3 c5 25. f3 Ba6 26. Qc3 Bxe2+ 27. Kxe2 Ra2+ 28. Kd3 Qb5+ 0-1


[Site "https://www.chess.com"]

[Event "Titled Tuesday Blitz April 4 Late 2023"]
[White "Matute Escobar, Roxanny"]
[Black "Rodriguez Santiago, Jaime"]
[WhiteFideId "3926028"]
[BlackFideId "3100898"]
[WhiteElo "1844"]
[BlackElo "2025"]
[Result "0-1"]
[Round "03"]
[TimeControl "180+2"]
[Date "2023.04.04"]
[WhiteClock "0:00:07"]
[BlackClock "0:00:18"]

1. e4 c6 2. d4 d5 3. Nc3 dxe4 4. Nxe4 Nf6 5. Ng3 h5 6. h4 c5 7. Nf3 Bg4 8. Bb5+ Nbd7 9. dxc5 Qa5+ 10. Bd2 Qxb5 11. Bc3 e6 12. a4 Qa6 13. b4 Qc4 14. Qd2 Bxf3 15. gxf3 Nd5 16. Ne4 Nxc3 17. Nxc3 Qxb4 18. Rb1 Qxc5 19. Rxb7 Rd8 20. Nb5 Be7 21. Qf4 Qe5+ 22. Qxe5 Nxe5 23. Rxa7 Nxf3+ 24. Ke2 Nxh4 25. a5 Nf5 26. c3 h4 27. a6 Bc5 28. Rb7 O-O 29. a7 Ra8 30. Ra1 Bxa7 31. Rbxa7 Rxa7 32. Rxa7 Rc8 33. Kf3 Rc5 34. Rb7 Rc4 35. Ra7 g5 36. Ra5 g4+ 37. Kg2 h3+ 38. Kh2 Rf4 39. Kg1 Nh4 40. Nd4 Nf5 41. Ne2 Rc4 42. Kh2 Kg7 43. Re5 Kg6 44. Rb5 Kg5 45. Rb6 Nh4 46. Kg3 Nf5+ 47. Kh2 Re4 48. Rb5 Rxe2 0-1


[Site "https://www.chess.com"]

[Event "Titled Tuesday Blitz April 4 Late 2023"]
[White "Rian, Kapriaga"]
[Black "Manu_ChessExcelsior"]
[WhiteFideId "7103263"]
[WhiteElo "2334"]
[BlackElo "2129"]
[Result "0-1"]
[Round "03"]
[TimeControl "180+2"]
[Date "2023.04.04"]
[WhiteClock "0:00:01"]
[BlackClock "0:00:28"]

1. d4 d5 2. Bf4 c5 3. e3 Nc6 4. c3 cxd4 5. exd4 Bf5 6. Nf3 Nf6 7. Be2 e6 8. O-O Bd6 9. Bxd6 Qxd6 10. Nh4 Bg6 11. Nd2 O-O-O 12. h3 Kb8 13. a4 Ne4 14. Nxg6 hxg6 15. Nxe4 dxe4 16. Bb5 Ne7 17. Qe2 Qf4 18. Rfe1 f5 19. a5 g5 20. Ra3 g4 21. g3 Qh6 22. Qf1 gxh3 23. Rb3 h2+ 24. Kh1 Rc8 25. Be2 Nc6 26. Ra1 f4 27. Bb5 Qg5 28. Bxc6 Rxc6 29. Qb5 Qxb5 0-1


[Site "https://www.chess.com"]

[Event "Titled Tuesday Blitz April 4 Late 2023"]
[White "Novikova, Galina"]
[Black "Pirvulescu, Ekaterina"]
[WhiteFideId "4157095"]
[BlackFideId "13506374"]
[WhiteElo "1953"]
[BlackElo "2006"]
[Result "1-0"]
[Round "03"]
[TimeControl "180+2"]
[Date "2023.04.04"]
[WhiteClock "0:01:20"]
[BlackClock "0:00:01"]

1. e4 c5 2. Nc3 g6 3. g3 Bg7 4. Bg2 d6 5. d3 Nc6 6. f4 Nd4 7. h3 Rb8 8. Nf3 b5 9. O-O b4 10. Ne2 Nxf3+ 11. Rxf3 a5 12. f5 gxf5 13. exf5 Bb7 14. Rf2 Bxg2 15. Kxg2 Qd7 16. d4 Nf6 17. dxc5 dxc5 18. Qxd7+ Nxd7 19. Nf4 a4 20. Rb1 Bd4 21. Re2 Nf6 22. Kf3 Rb7 23. g4 O-O 24. Be3 Bxe3 25. Rxe3 Rd8 26. Rbe1 Kf8 27. g5 Ng8 28. Re5 Rc7 29. Nd5 Rcd7 30. Ne3 Rc8 31. Nc4 Rd4 32. b3 Rcd8 33. R1e2 axb3 34. axb3 Rh4 35. Kg3 Rhd4 36. h4 1-0


[Site "https://www.chess.com"]

[Event "Titled Tuesday Blitz April 4 Late 2023"]
[White "Gutkin, Ilya"]
[Black "Winkels, Marcel"]
[WhiteFideId "16203470"]
[BlackFideId "1003887"]
[WhiteElo "2265"]
[BlackElo "1900"]
[Result "1-0"]
[Round "03"]
[TimeControl "180+2"]
[Date "2023.04.04"]
[WhiteClock "0:01:08"]
[BlackClock "0:00:29"]

1. e4 c5 2. Nf3 d6 3. d4 cxd4 4. Nxd4 Nf6 5. Nc3 a6 6. Bg5 e6 7. Bd3 Be7 8. Qe2 h6 9. Bh4 O-O 10. Bg3 Nc6 11. Nxc6 bxc6 12. e5 Nd5 13. exd6 Bxd6 14. Ne4 Be7 15. a3 f5 16. Nd2 Bf6 17. Be5 Bxe5 18. Qxe5 Bd7 19. O-O Rb8 20. Nc4 Qf6 21. b4 Qxe5 22. Nxe5 Be8 23. Bxa6 f4 24. Rfe1 Rf5 25. Nc4 Rf6 26. Ne5 Rf5 27. Bd3 Rf6 28. c4 Ne7 29. Be4 Rc8 30. a4 Nf5 31. Bxf5 Rxf5 32. a5 c5 33. b5 g5 34. a6 1-0


[Site "https://www.chess.com"]

[Event "Titled Tuesday Blitz April 4 Late 2023"]
[White "Levine, David"]
[Black "K2JW"]
[WhiteFideId "2011611"]
[WhiteElo "2087"]
[BlackElo "2321"]
[Result "0-1"]
[Round "03"]
[TimeControl "180+2"]
[Date "2023.04.04"]
[WhiteClock "0:00:03"]
[BlackClock "0:00:27"]

1. d4 Nf6 2. c4 g6 3. g3 Bg7 4. Bg2 O-O 5. Nf3 d6 6. Nc3 Nbd7 7. e4 e5 8. h3 Ne8 9. O-O f5 10. Be3 f4 11. Bd2 fxg3 12. fxg3 exd4 13. Nd5 c6 14. Nf4 Nc7 15. b4 Ne5 16. Qb3 Nxf3+ 17. Rxf3 Kh8 18. Raf1 Ne6 19. c5 Nxf4 20. gxf4 dxc5 21. bxc5 Qe7 22. Qc2 Re8 23. Rg3 Qh4 24. Kh2 Be6 25. f5 Be5 26. Be1 gxf5 27. exf5 Rg8 0-1


[Site "https://www.chess.com"]

[Event "Titled Tuesday Blitz April 4 Late 2023"]
[White "Kirillov, Dmitry"]
[Black "Hartikainen, Jarmo"]
[WhiteFideId "34180572"]
[BlackFideId "503134"]
[WhiteElo "2111"]
[BlackElo "2062"]
[Result "1-0"]
[Round "03"]
[TimeControl "180+2"]
[Date "2023.04.04"]
[WhiteClock "0:00:32"]
[BlackClock "0:00:14"]

1. d4 Nf6 2. c4 g6 3. Nc3 d5 4. Nf3 Bg7 5. e3 O-O 6. Qb3 dxc4 7. Bxc4 a6 8. Bd2 e6 9. O-O b5 10. Be2 Bb7 11. Rad1 Nbd7 12. a4 c6 13. Ne1 Re8 14. f4 Rb8 15. Bf3 c5 16. axb5 axb5 17. dxc5 Nxc5 18. Qc2 Qb6 19. b4 Bxf3 20. Nxf3 Na4 21. Nxa4 bxa4 22. Qxa4 Nd5 23. Qa3 Ra8 24. Qb3 Red8 25. Kh1 Rab8 26. Rb1 h6 27. e4 1-0


[Site "https://www.chess.com"]

[Event "Titled Tuesday Blitz April 4 Late 2023"]
[White "Oliveira, Tiago Batista"]
[Black "Jiganchine, Roman"]
[WhiteFideId "2108291"]
[BlackFideId "2603667"]
[WhiteElo "1962"]
[BlackElo "2315"]
[Result "1-0"]
[Round "03"]
[TimeControl "180+2"]
[Date "2023.04.04"]
[WhiteClock "0:00:04"]
[BlackClock "0:00:07"]

1. d4 d5 2. c4 e6 3. Nf3 Nf6 4. g3 Bd6 5. Nbd2 O-O 6. Bg2 h6 7. O-O Re8 8. Qc2 Nc6 9. e4 dxe4 10. Nxe4 Nxe4 11. Qxe4 e5 12. d5 f5 13. Qb1 Ne7 14. b4 e4 15. Nd4 Be5 16. Bb2 Ng6 17. Rd1 Qe7 18. a3 a5 19. c5 Qf6 20. Qc2 Bd7 21. Rac1 axb4 22. c6 bxc6 23. dxc6 Be6 24. Nxe6 Bxb2 25. Nxc7 b3 26. Qxb3+ Kh7 27. Nxe8 Rxe8 28. c7 e3 29. Rc6 exf2+ 30. Kf1 Qe7 31. Kxf2 Qe2+ 32. Kg1 Bd4+ 33. Kh1 Qe1+ 34. Rxe1 Rxe1+ 35. Bf1 Rxf1+ 36. Kg2 Rf2+ 37. Kh3 Ne5 38. Qc2 Ng4 39. Kh4 Rxh2+ 40. Qxh2 g5+ 41. Kh5 Nf6+ 42. Rxf6 Bxf6 43. c8=Q 1-0


[Site "https://www.chess.com"]

[Event "Titled Tuesday Blitz April 4 Late 2023"]
[White "Michalski, Olaf"]
[Black "Aung Thant Zin"]
[WhiteFideId "1106740"]
[BlackFideId "13000063"]
[WhiteElo "2173"]
[BlackElo "2278"]
[Result "1-0"]
[Round "03"]
[TimeControl "180+2"]
[Date "2023.04.04"]
[WhiteClock "0:00:22"]
[BlackClock "0:00:09"]

1. d4 Nf6 2. Nf3 e6 3. Bf4 d5 4. e3 c5 5. c3 Nc6 6. Nbd2 Bd6 7. Bg3 O-O 8. Bd3 Qe7 9. Ne5 Nd7 10. Nxc6 bxc6 11. Qh5 g6 12. Qh6 e5 13. dxe5 Nxe5 14. Be2 Bf5 15. O-O Rab8 16. b3 Qe6 17. Nf3 Ng4 18. Qh4 f6 19. Bxd6 Qxd6 20. Rad1 Qe6 21. Rfe1 Rbe8 22. c4 g5 23. Qg3 h5 24. cxd5 cxd5 25. Rxd5 Qxd5 26. Bc4 Qxc4 27. bxc4 h4 28. Qc7 Rf7 29. Qxc5 Rc8 30. Qxf5 1-0


[Site "https://www.chess.com"]

[Event "Titled Tuesday Blitz April 4 Late 2023"]
[White "Naroditsky, Daniel"]
[Black "Makhnev, Denis"]
[WhiteFideId "2026961"]
[BlackFideId "13707647"]
[WhiteElo "2633"]
[BlackElo "2515"]
[Result "1/2-1/2"]
[Round "04"]
[TimeControl "180+2"]
[Date "2023.04.04"]
[WhiteClock "0:00:04"]
[BlackClock "0:00:07"]

1. d4 Nf6 2. Nc3 d5 3. Bf4 e6 4. Nb5 Na6 5. e3 c6 6. Nc3 Bb4 7. Bxa6 bxa6 8. Nf3 a5 9. O-O Bxc3 10. bxc3 Ba6 11. Re1 Ne4 12. Ne5 O-O 13. c4 Rc8 14. c5 f6 15. Nd3 g5 16. Bg3 Qe8 17. Bd6 Rf7 18. f3 Nxd6 19. cxd6 Bxd3 20. cxd3 Qd7 21. Qa4 c5 22. Qxd7 Rxd7 23. dxc5 Rxc5 24. Rec1 Rxc1+ 25. Rxc1 Rxd6 26. Rc8+ Kf7 27. Rc7+ Kg6 28. Rxa7 d4 29. Kf2 Rc6 30. exd4 Rc2+ 31. Kf1 Rxa2 32. Re7 a4 33. Rxe6 a3 34. Ra6 Kf5 35. g3 h5 36. d5 Ke5 37. d6 Ke6 38. Kg1 Kd7 39. d4 Ke6 40. d5+ Kd7 41. h4 gxh4 42. gxh4 f5 43. f4 Ra1+ 44. Kg2 Kc8 45. Ra7 Ra2+ 46. Kg3 Ra1 47. d7+ Kd8 48. d6 Rg1+ 49. Kf3 Ra1 50. Kg2 Ra2+ 51. Kf3 Ra1 52. Kg2 Ra2+ 53. Kg3 Ra1 54. Kh2 Ra2+ 55. Kh3 Ra1 56. Kg2 1/2-1/2


[Site "https://www.chess.com"]

[Event "Titled Tuesday Blitz April 4 Late 2023"]
[White "Bachmann, Axel"]
[Black "Erigaisi Arjun"]
[WhiteFideId "3700488"]
[BlackFideId "35009192"]
[WhiteElo "2605"]
[BlackElo "2737"]
[Result "0-1"]
[Round "04"]
[TimeControl "180+2"]
[Date "2023.04.04"]
[WhiteClock "0:00:01"]
[BlackClock "0:00:04"]

1. Nf3 d6 2. e4 g6 3. d4 Bg7 4. Bc4 Nc6 5. c3 Nf6 6. Qe2 e5 7. dxe5 Nxe5 8. Nxe5 dxe5 9. h3 Nh5 10. O-O O-O 11. Be3 Nf4 12. Qf3 Bh6 13. Rd1 Qh4 14. Na3 a6 15. Nc2 Qe7 16. Nb4 Kg7 17. Nd5 Nxd5 18. Bxh6+ Kxh6 19. Rxd5 c6 20. Rd2 b5 21. Bb3 a5 22. a3 c5 23. Qe3+ Kg7 24. a4 c4 25. Ba2 Be6 26. axb5 Rfb8 27. b6 Ra6 28. Qg3 Qc5 29. Rd5 Qxb6 30. Rxe5 Rd8 31. Qh4 Rd2 32. Rf1 Qxb2 33. Bb1 Qxc3 34. Rh5 gxh5 35. Qg5+ Kf8 36. Qc5+ Kg8 37. Qg5+ Kh8 38. e5 Bc8 39. Qe7 Kg7 40. Qg5+ Rg6 41. Bxg6 hxg6 42. Qf6+ Kg8 43. e6 Qxf6 0-1


[Site "https://www.chess.com"]

[Event "Titled Tuesday Blitz April 4 Late 2023"]
[White "Melkumyan, Hrant"]
[Black "Duda, Jan-Krzysztof"]
[WhiteFideId "13302485"]
[BlackFideId "1170546"]
[WhiteElo "2604"]
[BlackElo "2790"]
[Result "0-1"]
[Round "04"]
[TimeControl "180+2"]
[Date "2023.04.04"]
[WhiteClock "0:00:04"]
[BlackClock "0:00:05"]

1. d4 Nf6 2. c4 g6 3. Nc3 d5 4. Nf3 Bg7 5. Bg5 Ne4 6. Bf4 Nxc3 7. bxc3 c5 8. e3 O-O 9. cxd5 Qxd5 10. Be2 Nc6 11. O-O cxd4 12. cxd4 Bf5 13. Qb3 Qxb3 14. axb3 Rfd8 15. Rfc1 a6 16. h3 Rac8 17. g4 Be6 18. Bc4 Bd7 19. Ng5 Be8 20. Ne4 e5 21. Bg5 exd4 22. Bxd8 Rxd8 23. Rd1 d3 24. Rac1 Nb4 25. Nc5 d2 26. Rb1 b5 27. Be2 Bc6 28. Nd3 Bc3 29. Nxb4 Bxb4 30. Rb2 Kf8 31. Kf1 Ke7 32. f4 a5 33. Kf2 Bc3 34. Rc2 b4 35. Ra2 Bd5 36. Rxa5 Bxb3 37. Ra7+ Rd7 38. Rxd7+ Kxd7 39. Bf3 Ba4 40. Ke2 Bb5+ 41. Kf2 b3 42. Be2 Ba4 43. Bd3 b2 44. Rg1 d1=Q 0-1


[Site "https://www.chess.com"]

[Event "Titled Tuesday Blitz April 4 Late 2023"]
[White "Fedoseev, Vladimir"]
[Black "Svane, Frederik"]
[WhiteFideId "24130737"]
[BlackFideId "12923044"]
[WhiteElo "2752"]
[BlackElo "2502"]
[Result "1-0"]
[Round "04"]
[TimeControl "180+2"]
[Date "2023.04.04"]
[WhiteClock "0:00:05"]
[BlackClock "0:00:39"]

1. b4 e6 2. Bb2 Nf6 3. b5 d5 4. e3 Be7 5. c4 O-O 6. Nf3 c5 7. a4 b6 8. a5 bxa5 9. Bc3 Bb7 10. Bxa5 Qd6 11. Be2 d4 12. exd4 cxd4 13. d3 a6 14. Na3 Qd7 15. bxa6 Rxa6 16. Nc2 Nc6 17. Bd2 Rxa1 18. Qxa1 e5 19. O-O e4 20. Nfxd4 exd3 21. Bxd3 Nxd4 22. Nxd4 Bc5 23. Be3 Rd8 24. Rd1 Ng4 25. Bf5 Nxe3 26. Bxd7 Nxd1 27. Nf5 Bxf2+ 28. Kf1 f6 29. Qxd1 1-0


[Site "https://www.chess.com"]

[Event "Titled Tuesday Blitz April 4 Late 2023"]
[White "Sadhwani, Raunak"]
[Black "Maksimovic, Bojan"]
[WhiteFideId "35093487"]
[BlackFideId "14408120"]
[WhiteElo "2631"]
[BlackElo "2468"]
[Result "1-0"]
[Round "04"]
[TimeControl "180+2"]
[Date "2023.04.04"]
[WhiteClock "0:00:21"]
[BlackClock "0:00:10"]

1. Nf3 Nf6 2. b3 g6 3. Bb2 Bg7 4. g3 d6 5. d4 c5 6. Bg2 Qa5+ 7. Nbd2 cxd4 8. Nxd4 e5 9. Nf3 e4 10. Nh4 g5 11. O-O d5 12. c4 gxh4 13. cxd5 h3 14. Bh1 Bf5 15. Nc4 Qd8 16. f3 exf3 17. Rxf3 Bg6 18. Ba3 Bf8 19. Re3+ Kd7 20. Ne5+ Kc7 21. Rc1+ Kb6 22. d6 a5 23. Bc5+ Ka6 24. b4 Nc6 25. b5+ Kxb5 26. Qb3+ Ka6 27. Nxc6 bxc6 28. Bxc6 Rb8 29. Qc4+ Rb5 30. Qxb5# 1-0


[Site "https://www.chess.com"]